 Dungeon Crawl Stone Soup version 0.30.1-11-g7821555f0a (webtiles) character file.

Game seed: 2705971878669371814

86 SacredBeard the Vexing (level 4, -3/22 HPs)
             Began as a Deep Elf Hexslinger on Oct 30, 2023.
             Was a Follower of Hepliaklqana.
             Slain by Grinder (4 damage)
             ... on level 3 of the Dungeon.
             The game lasted 00:06:16 (2017 turns).

SacredBeard the Vexing (Deep Elf Hexslinger)        Turns: 2017, Time: 00:06:16

Health: -3/22      AC:  4    Str:  7    XL:     4   Next: 26%
Magic:  7/10       EV: 13    Int: 18    God:    Hepliaklqana [*.....]
Gold:   91         SH:  0    Dex: 23    Spells: 4/8 levels left

rFire   . . .        t - +0 arbalest
rCold   . . .        (shield currently unavailable)
rNeg    . . .        s - +0 leather armour
rPois   .            (no helmet)
rElec   .            (no cloak)
rCorr   .            o - +0 pair of gloves
SInv    .            (no boots)
Will    .....        (no amulet)
Stlth   ++           m - +6 ring of dexterity
HPRegen 0.23/turn    (no ring)
MPRegen 0.12/turn

%: no passive effects
@: no status effects
A: reduced essence
a: Renounce Religion, Recall Ancestor, Ancestor Identity


You were on level 3 of the Dungeon.
You worshipped Hepliaklqana.
Hepliaklqana was aware of your devotion.
You visited 1 branch of the dungeon, and saw 3 of its levels.

You collected 91 gold pieces.

Inventory:

Hand Weapons
 a - a +1 sling
 f - a +1 dagger of venom
 t - a +0 arbalest (weapon)
Armour
 o - a +0 pair of gloves (worn)
 s - a +0 leather armour (worn)
Jewellery
 m - a +6 ring of dexterity (left hand)
Scrolls
 b - 2 scrolls of poison
 c - a scroll of fear {unknown}
 e - 2 scrolls of identify {unknown}
 g - a scroll of teleportation {unknown}
 i - a scroll of summoning {unknown}
 k - 2 scrolls of immolation {unknown}
 r - 2 scrolls of enchant armour {unknown}
 v - a scroll of vulnerability {unknown}
Potions
 d - 3 potions of berserk rage {unknown}
 h - 2 potions of mutation {unknown}
 j - a potion of attraction {unknown}
 l - a potion of resistance {unknown}
 n - 2 potions of degeneration {unknown}
 p - a potion of heal wounds {unknown}
 q - a potion of curing {unknown}
 u - 2 potions of lignification {unknown}


   Skills:
 - Level 1.0 Fighting
 * Level 4.1 Ranged Weapons
 - Level 1.0 Armour
 + Level 3.0 Dodging
 + Level 2.7 Spellcasting
 + Level 4.5 Hexes


You had 4 spell levels left.
You knew the following spells:

 Your Spells              Type           Power      Damage    Failure   Level
a - Slow                  Hex            76%        N/A       3%          1
b - Inner Flame           Hex/Fire       10%        N/A       28%         3

Your spell library contained the following spells:

 Spells                   Type           Power      Damage    Failure   Level
 Tukima's Dance           Hex            19%        N/A       11%         3
 Portal Projectile        Hex/Tloc       20%        N/A       28%         3
 Blink                    Tloc           4%         N/A       36%         2
 Poisonous Vapours        Pois/Air       4%         N/A       36%         2
 Cause Fear               Hex            9%         N/A       36%         4
 Mephitic Cloud           Conj/Pois/Air  2%         N/A       58%         3
 Manifold Assault         Tloc           2%         N/A       94%         4
 Blade Hands              Tmut           1%         N/A       100%        5
 Freezing Cloud           Conj/Ice/Air   1%         6-21      100%        5
 Storm Form               Tmut/Air       1%         N/A       100%        7


Dungeon Overview and Level Annotations

Branches:
Dungeon (3/15) Zot: 15970

Altars:
Hepliaklqana

Annotations:
D:3 Grinder


Message History

Natasha is almost dead.
Huemac hits Natasha.
Natasha dies!
Natasha growls in agony!
Your Ranged Weapons skill increases to level 4!
Your Dodging skill increases to level 3!
You have reached level 4!
You feel clever.
Huemac remembers more of his old skill.
Remember Huemac's name as what?
Celestine Yes, Celestine is definitely a better name.
Was Celestine a) male, b) female, or c) neither? (Currently male.)
Okay, then.
A ball python comes into view.
The ball python bites Celestine.
Fire: t) +0 arbalest
Press: ? - help, Shift-Dir - straight line, f - ball python
Aim: a ball python (ally target, 57% to hit)
You shoot a bolt. Celestine avoids your attack.
The bolt hits the ball python!!
You kill the ball python!
Grinder drinks a potion.
Grinder flickers and vanishes!
Deactivating autopickup; reactivate with Ctrl-A.
Casting: Slow (safe; 3% risk of failure)
Confirm with . or Enter, or press ? or * to list all spells.
You can't see any susceptible monsters within range! (Use Z to cast anyway.)
Okay, then.
Casting: Slow (safe; 3% risk of failure)
Confirm with . or Enter, or press ? or * to list all spells.
Aiming: Slow (safe; 3% risk of failure)
Press: ? - help, Shift-Dir - straight line Celestine avoids your attack.
Nothing appears to happen.
Pain shoots through your body!
* * * LOW HITPOINT WARNING * * *
You hear a zap.
A puff of flame appears from out of thin air!
The puff of flame misses you.
Celestine barely misses something.
Something hits you.
* * * LOW HITPOINT WARNING * * *
You writhe in agony.
You die...

#...........# #..#### #
#..########.######.....# ## #..#
#.)....#..##.# ##.
...########..###.#..##.# #####.#
#............# #.#..##.# #.....#
##...........###.#..##.####)###.#
#..#######..................# ##.
..## #.......{..##.#.......## ..#
#......@.R............).
..########...........#########.##
...............####†'# #.#
.#########....## ≈†.≈≈≈ # .#
###### ......≈≈ .# ........≈≈# .#
..........≈≈ .# ...5........≈ ..
....≈≈≈≈≈≈....


You could see the friendly Celestine the ancestor.

Vanquished Creatures
  2 adders
  A worm (D:3)
  7 ball pythons
  An endoplasm (D:2)
  A giant cockroach (D:2)
  2 goblins (D:1)
  5 hobgoblins
  2 quokkas (D:1)
  4 bats (D:1)
  2 frilled lizards
  6 kobolds
  6 rats
39 creatures vanquished.

Vanquished Creatures (collateral kills)
  Natasha (D:3)
  A bat (D:3)
2 creatures vanquished.

Grand Total: 41 creatures vanquished

Notes
Turn   | Place    | Note
-------+----------+-------------------------------------------
     0 | D:1      | SacredBeard the Deep Elf Hexslinger began the quest for the
                  | Orb.
     0 | D:1      | Reached XP level 1. HP: 11/11 MP: 5/5
   203 | D:1      | Reached XP level 2. HP: 9/16 MP: 6/6
   243 | D:1      | Reached skill level 1 in Fighting
   747 | D:1      | Found a faded altar of an unknown god.
   968 | D:2      | Identified the +11 short sword of the Radish {elec, Int+3}
  1045 | D:2      | Reached XP level 3. HP: 20/20 MP: 8/8
  1060 | D:2      | Learned a level 3 spell: Inner Flame
  1183 | D:2      | Found a hazy altar of Hepliaklqana.
  1192 | D:2      | Became a worshipper of Hepliaklqana the Forgotten
  1774 | D:3      | Reached skill level 1 in Armour
  1912 | D:3      | Reached * piety under Hepliaklqana
  2002 | D:3      | Noticed Grinder
  2009 | D:3      | Noticed Natasha
  2011 | D:3      | Killed Natasha
  2012 | D:3      | Reached XP level 4. HP: 13/22 MP: 7/10
  2017 | D:3      | HP: 1/22 [something (3)]
  2017 | D:3      | Slain by Grinder

Illustrated notes

Levels and vault maps discovered:
D:1:      evilmike_arrival_hilbert_curve, layout_basic,
          shapermc_ecumenical_altar_notcrosses
D:2:      layout_loops_corners, basic_altar
D:3:      layout_loops_ring, kennysheep_big_empty_room, uniq_natasha,
          uniq_crazy_yiuf_cottage, uniq_grinder

Skill      XL: |  1  2  3 |
---------------+----------+-----
Ranged Weapons | 3 4 |  4.1
Fighting       | 1 |  1.0
Spellcasting   | 2 |  2.7
Armour         | 1 |  1.0
Dodging        | 3 |  3.0
Hexes          | |  4.5

Action                     |  1- 3 |  4- 6 || total
---------------------------+-------+-------++-------
  Melee: Dagger            |    36 |       ||    36
   Fire: Sling             |    60 |       ||    60
         Arbalest          |     8 |     1 ||     9
   Cast: Slow              |     2 |     1 ||     3
 Invoke: Ancestor Identity |       |     1 ||     1
 Armour: Robe              |     7 |       ||     7
         Leather armour    |     7 |       ||     7
  Dodge: Dodged            |    32 |     1 ||    33
